 Dungeon Crawl Stone Soup version 0.19.0-2-gae57169 (webtiles) character file.

107 Khazard the Conjurer (level 4, -5/24 HPs)
             Began as a Tengu Wizard on Nov 5, 2016.
             Killed by nerve-wracking pain
             ... invoked by an orc priest
              (7 damage)
             ... on level 3 of the Dungeon.
             The game lasted 00:01:56 (1708 turns).

Khazard the Conjurer (Tengu Wizard)                 Turns: 1708, Time: 00:01:57

Health: -5/24      AC:  2    Str:  7    XL:     4   Next: 85%
Magic:  0/10       EV: 20    Int: 19    God:
Gold:   105        SH:  4    Dex: 18    Spells: 4 memorised, 2 levels left

rFire  . . .     SeeInvis .     a - +0 short sword
rCold  + . .     Gourm    .     j - +0 robe
rNeg   . . .     Faith    .     (no shield)
rPois  .         Spirit   .     b - +0 hat
rElec  .         Reflect  +     (no cloak)
rCorr  .         Harm     .     (no gloves)
MR     .....                    (boots unavailable)
Stlth  ++........               n - +4 amulet of reflection (curse)
                                p - ring of loudness (curse)
                                o - ring of protection from cold

@: agile, very slightly contaminated, hasted, repel missiles, very quick
A: beak, talons 3, repulsion field 1
a: no special abilities


You were on level 3 of the Dungeon.
You were not hungry.

You visited 1 branch of the dungeon, and saw 3 of its levels.

You collected 105 gold pieces.

Inventory:

Hand Weapons
 a - a +0 short sword (weapon)
 k - a +0 dagger
Armour
 b - a +0 hat (worn)
 j - a +0 robe (worn)
Jewellery
 n - a cursed +4 amulet of reflection (around neck)
 o - a ring of protection from cold (left hand)
 p - a cursed ring of loudness (right hand)
Scrolls
 e - 7 scrolls of identify {unknown}
 g - 2 scrolls of remove curse {unknown}
 i - a scroll of fog {unknown}
 m - a scroll of noise {unknown}
 s - a scroll of recharging {unknown}
Books
 c - a book of Minor Magic

   Spells                             Type                      Level
   a - Magic Dart                     Conjuration                  1
   b - Blink                          Translocation                2
   c - Call Imp                       Summoning                    2
   d - Repel Missiles                 Charms/Air                   2
   e - Slow                           Hexes                        2
   f - Conjure Flame                  Conjuration/Fire             3
   g - Mephitic Cloud                 Conjuration/Poison/Air       3
Comestibles
 d - 3 bread rations
 f - a meat ration
 h - 3 chunks of flesh
 l - a beef jerky


   Skills:
 - Level 2.1 Dodging
 - Level 2.0 Stealth
 + Level 3.7 Spellcasting
 * Level 5.0 Conjurations
   Level 1.2 Summonings
 - Level 0.7 Translocations


You had 2 spell levels left.
You knew the following spells:

 Your Spells              Type           Power        Failure   Level  Hunger
a - Magic Dart            Conj           ###.         1%          1    None
b - Blink                 Tloc           N/A          17%         2    ##.....
d - Conjure Flame         Conj/Fire      ##......     17%         3    ###....
k - Repel Missiles        Chrm/Air       #.....       24%         2    ##.....


Dungeon Overview and Level Annotations

Branches:
Dungeon (3/15)

Altars:
Gozag
Kikubaaqudgha


Innate Abilities, Weirdness & Mutations

You have a beak for a mouth.
You have claws for feet.
You are surrounded by a mild repulsion field. (EV +2)


Message History

Casting: Magic Dart
Confirm with . or Enter, or press ? or * to list all spells.
Okay, then.
Casting: Magic Dart
Confirm with . or Enter, or press ? or * to list all spells.
You blink.
Casting: Blink
Confirm with . or Enter, or press ? or * to list all spells.
You miscast Blink.
Nothing appears to happen.
Casting: Blink
Confirm with . or Enter, or press ? or * to list all spells.
You don't have enough magic to cast that spell.
Okay, then.
You hit the orc priest but do no damage.
You claw the orc priest, but do no damage.
The orc priest looks satisfied for a moment.
You feel as though your hastened speed will last longer.
The orc priest calls down the wrath of Beogh upon you.
Pain shoots through your body!
You die...

#.....##'#'#....#
#...............#
#...........###.#
#...........'
#...........############
###.......)o).))§)..)†<#
#........o############
#.........# #.......@.#
#.........# #.........#
#........## #......###
#[.....# ######.# #...
###..


You could see 2 orc priests.

Vanquished Creatures
  Robin (D:3)
  2 adders (D:2)
  An ooze (D:1)
  A dart slug (D:2)
  A leopard gecko (D:3)
  3 orcs (D:3)
  5 giant cockroaches
  11 goblins
  8 hobgoblins
  6 jackals
  5 kobolds
  2 quokkas (D:2)
  7 bats
  3 frilled lizards (D:2)
  4 rats
60 creatures vanquished.

Notes
Turn   | Place    | Note
-------+----------+-------------------------------------------
     0 | D:1      | Khazard the Tengu Wizard began the quest for the Orb.
     0 | D:1      | Reached XP level 1. HP: 10/10 MP: 5/5
   100 | D:1      | Reached skill level 2 in Conjurations
   141 | D:1      | Reached XP level 2. HP: 15/15 MP: 1/7
   280 | D:1      | Reached skill level 3 in Conjurations
   406 | D:1      | Reached XP level 3. HP: 14/19 MP: 1/8
   948 | D:2      | Learned a level 2 spell: Blink
   952 | D:2      | Learned a level 3 spell: Conjure Flame
   955 | D:2      | Learned a level 2 spell: Repel Missiles
  1064 | D:2      | Reached skill level 4 in Conjurations
  1191 | D:2      | Reached XP level 4. HP: 24/24 MP: 7/10
  1198 | D:2      | Found an ancient bone altar of Kikubaaqudgha.
  1201 | D:2      | Found an opulent altar of Gozag.
  1574 | D:3      | Noticed Robin
  1620 | D:3      | Killed Robin
  1698 | D:3      | Reached skill level 5 in Conjurations
  1701 | D:3      | HP: 1/24 [orc priest/nerve-wracking pain (8)]
  1702 | D:3      | Gained mutation: You are surrounded by a mild repulsion field. (EV +2) [potion of beneficial mutation]
  1708 | D:3      | Killed from afar by an orc priest

Skill      XL: |  1  2  3  4 |
---------------+-------------+-----
Conjurations   | 2 3 4 5 |  5.0
Dodging        | |  2.1
Stealth        | |  2.0
Spellcasting   | |  3.7
Summonings     | |  1.2
Translocations | |  0.7

Action                   |  1- 3 |  4- 6 || total
-------------------------+-------+-------++-------
Melee: Peck              |     5 |     3 ||     8
       Unarmed           |     1 |       ||     1
       Dagger            |    21 |       ||    21
       Kick              |     3 |     6 ||     9
       Short sword       |     1 |    33 ||    34
 Cast: Magic Dart        |    69 |    40 ||   109
       Repel Missiles    |     1 |       ||     1
       Blink             |       |     1 ||     1
  Use: Potion            |     1 |     5 ||     6
       Scroll            |       |     1 ||     1
  Eat: Bread ration      |       |     1 ||     1
       Chunk             |       |     1 ||     1
Armor: Robe              |    14 |     7 ||    21
Dodge: Dodged            |    37 |    25 ||    62
Block: Other             |     1 |     7 ||     8
